 Dungeon Crawl Stone Soup version 0.24.0-1-gfbc8707122 (webtiles) character file.

Game seed: 17686201842280298747, levelgen mode: deterministic

25844 Morbidden the Thrower (level 13, -2/67 HPs)
             Began as a Vine Stalker Assassin on Oct 27, 2019.
             Was a High Priest of Okawaru.
             Slain by an unseen horror (5 damage)
             ... on level 11 of the Dungeon on Oct 28, 2019.
             The game lasted 00:52:23 (11342 turns).

Morbidden the Thrower (Vine Stalker Assassin)      Turns: 11342, Time: 00:52:23

Health: -2/67      AC: 14    Str: 17    XL:     13   Next: 22%
Magic:  0/34       EV: 16    Int: 12    God:    Okawaru [*****.]
Gold:   863        SH:  0    Dex: 17    Spells: 27/27 levels left

rFire    . . .     SeeInvis .   a - +3 dagger (venom)
rCold    + . .     Gourm    .   (no shield)
rNeg     . . .     Faith    +   b - +0 troll leather armour {Purgy}
rPois    .         Spirit   +   (no helmet)
rElec    .         Reflect  .   w - +2 cloak
rCorr    .         Harm     .   p - +0 pair of gloves
MR       ++...                  u - +0 pair of boots
Stlth    +++++.....             S - amulet of faith
HPRegen  1.41/turn              E - ring "Fidism" {MP+9 AC+4}
MPRegen  0.24/turn              H - ring "Wumasom" {rC+ MR+ Stlth+}

@: no status effects
A: fangs 3, regeneration 2, magic shield, antimagic bite, no potion heal 3, rot
immunity
a: Heroism, Finesse, Renounce Religion


You were on level 11 of the Dungeon.
You worshipped Okawaru.
Okawaru was extremely pleased with you.
You were hungry.

You visited 2 branches of the dungeon, and saw 13 of its levels.
You also visited: Bailey.

You collected 863 gold pieces.

Inventory:

Hand Weapons
 a - a +3 dagger of venom (weapon)
 x - the +4 spear "Maohas" {freeze, Str+3 Int-2 Dex+3}
   (You found it in a bailey)

   It has been specially enchanted to freeze those struck by it, causing extra
   injury to most foes and up to half again as much damage against particularly
   susceptible opponents.
   It can also slow down cold-blooded creatures.
   It affects your strength (+3).
   It affects your intelligence (-2).
   It affects your dexterity (+3).
 B - a +4 short sword of protection
Missiles
 d - 59 boomerangs
 e - 2 curare-tipped darts
 v - 25 poisoned darts (quivered)
 I - 3 throwing nets
 J - 2 atropa-tipped darts
Armour
 b - a +0 troll leather armour (worn) {Purgy}
 p - a +0 pair of gloves (worn)
 u - a +0 pair of boots (worn)
 w - a +2 cloak (worn)
 M - +0 storm dragon scales
Jewellery
 r - an uncursed ring of flight
 E - the ring "Fidism" (left hand) {MP+9 AC+4}
   (You found it on level 6 of the Dungeon)

   [ring of protection]

   It affects your AC (+4).
   It affects your magic capacity (+9).
 H - the ring "Wumasom" (right hand) {rC+ MR+ Stlth+}
   (You found it in a bailey)

   [ring of protection from magic]

   It protects you from cold.
   It affects your resistance to hostile enchantments.
   It makes you more stealthy.
 S - an amulet of faith (around neck)
 U - an uncursed ring of stealth {unknown}
 V - a cursed amulet of inaccuracy {unknown}
 Y - an uncursed ring of protection from cold
Wands
 y - a wand of flame (8)
 L - a wand of random effects (20)
 X - a wand of acid (10)
Scrolls
 i - 4 scrolls of remove curse
 m - 3 scrolls of enchant weapon
 o - 9 scrolls of teleportation
 q - 2 scrolls of enchant armour {unknown}
 s - a scroll of acquirement {unknown}
 t - 4 scrolls of amnesia
 F - a scroll of silence {unknown}
 G - a scroll of noise {unknown}
 K - a scroll of magic mapping
 O - a scroll of brand weapon {unknown}
 Q - a scroll of identify
 R - a scroll of blinking
Potions
 c - 2 potions of mutation
 g - a potion of degeneration {unknown}
 h - 3 potions of might {unknown}
 j - 3 potions of haste
 k - 6 potions of lignification
 l - a potion of resistance {unknown}
 n - 3 potions of brilliance {unknown}
 z - a potion of agility
 A - 2 potions of flight {unknown}
 C - a potion of ambrosia {unknown}
 D - 2 potions of curing {unknown}
 N - 3 potions of magic {unknown}
 T - 2 potions of cancellation {unknown}
Miscellaneous
 P - a box of beasts
Comestibles
 f - 23 rations


   Skills:
 * Level 7.6 Fighting
 * Level 9.4 Short Blades
 + Level 9.4 Throwing
 + Level 5.8 Armour
 + Level 6.7 Dodging
 + Level 7.7 Stealth
 * Level 7.8 Spellcasting
 * Level 4.8 Invocations
 + Level 1.9 Evocations


You had 27 spell levels left.
You didn't know any spells.
Your spell library contained the following spells:

 Spells                   Type           Power        Failure   Level  Hunger
 Animate Skeleton         Necr           N/A          19%         1    None
 Pain                     Necr           #...         19%         1    None
 Regeneration             Chrm/Necr      #.........   47%         3    ##.....
 Vampiric Draining        Necr           #.........   47%         3    ##.....
 Animate Dead             Necr           N/A          87%         4    ####...


Dungeon Overview and Level Annotations

Branches:
Dungeon (12/15)            Temple (1/1) D:7            Lair (0/6) D:10
    Orc (0/2) D:9          Bailey (visited)

Altars:
Ashenzari
Cheibriados
Dithmenos
Elyvilon
Fedhas
Gozag
Hepliaklqana
Kikubaaqudgha
Makhleb
Nemelex Xobeh
Okawaru
Qazlal
Ru
Sif Muna
Trog
Uskayaw
Vehumet
Wu Jian
Xom
Yredelemnul
Zin
The Shining One
Beogh

Shops:
D:6 =

Annotations:
D:8 3 runed translucent doors, Mrkan's ghost, novice HOFi
D:10 exclusion: orange crystal statue


Innate Abilities, Weirdness & Mutations

You have razor-sharp teeth.
You heal very quickly.
When hurt, damage is shared between your health and your magic reserves.
Your bite disrupts and absorbs the magic of your enemies.
Potions cannot restore your health.
You are immune to rotting.


Message History

Reactivating autopickup.
You hit the shadow but do no damage. You bite the shadow.
You destroy the shadow!
Okawaru accepts your kill.
Your life force feels restored.
Something hits you but does no damage.
Deactivating autopickup; reactivate with Ctrl-A.
Something hits you.
* * * LOW HITPOINT WARNING * * *
Unknown command.
A phantom comes into view.
Something hits you but does no damage.
The phantom moves out of view.
Something hits you.
* * * LOW HITPOINT WARNING * * *
An ice beast comes into view.
Unknown command.
Something hits you.
* * * LOW HITPOINT WARNING * * *
Something hits you.
You die...

....... . ..........##
........#.#.#.........#
.........#...#.#.....##
........#...........#.##
#..........†.#.....u....#
#...............#.##.#.###
...........<..[## #####.##
[........{...### #...#
........#@...## ## ##.##
..#......#..##.##.## #...#
#......$###......###...#
#...<.)..# #....###.....
#.......######.###......
...............##..##......
#...................#......
..Y#...............###...[.
.............W.......###..#


There were no monsters in sight!

Vanquished Creatures
  An orc warlord (Bailey)
  A two-headed ogre (D:12)
  5 death yaks (D:10)
  Pikel (D:5)
  3 ugly things
  2 orc knights (Bailey)
  A deep elf mage (D:12)
  A cyclops (D:11)
  A centaur zombie (D:12)
  A gargoyle (D:11)
  A kobold demonologist (D:11)
  A troll (D:11)
  A hornet (D:10)
  Grinder (D:6)
  2 hippogriffs
  Sigmund (D:2)
  A shadow (D:11)
  6 yaks (D:10)
  Grum (D:8)
  2 hungry ghosts
  Edmund (D:6)
  Duvessa (D:6)
  11 orc warriors
  3 slaves (D:5)
  Purgy (D:3)
  2 ice beasts (D:11)
  A black bear (D:7)
  3 sky beasts
  A phantom (D:5)
  6 ogres
  8 centaurs
  3 wolves (D:8)
  2 crocodiles
  A big kobold (D:8)
  9 bullfrogs
  A wyvern zombie (D:7)
  A gnoll sergeant (D:8)
  Dowan (D:6)
  4 scorpions
  13 wights
  2 electric eels (D:11)
  3 howler monkeys
  6 crimson imps
  A quasit (D:9)
  5 bullfrog zombies
  8 hounds
  A bullfrog skeleton (D:6)
  3 jellies
  8 orc priests
  Crazy Yiuf (D:2)
  4 centaur skeletons
  A gnoll shaman (D:8)
  Jessica (D:3)
  Natasha (thrice) (D:2)
  4 iguanas
  12 orc wizards
  14 worker ants
  A hound zombie (D:6)
  17 gnolls
  16 adders
  3 shadow imps
  8 oozes
  3 adder skeletons
  4 worms (D:3)
  2 leopard geckos
  64 orcs
  2 giant cockroaches
  13 goblins
  12 hobgoblins
  12 jackals
  34 kobolds
  2 quokkas
  A ball python (D:4)
  9 bats
  5 frilled lizards
  A jackal skeleton (D:4)
  7 rats
  A fungus (D:2)
401 creatures vanquished.

Vanquished Creatures (collateral kills)
  A bullfrog (D:11)
1 creature vanquished.

Vanquished Creatures (others)
  2 fungi (D:2)
  8 toadstools (D:2)
10 creatures vanquished.

Grand Total: 412 creatures vanquished

Notes
Turn   | Place    | Note
-------+----------+-------------------------------------------
     0 | D:1      | Morbidden the Vine Stalker Assassin began the quest for the
                  | Orb.
     0 | D:1      | Reached XP level 1. HP: 11/11 MP: 2/2
    67 | D:1      | Reached XP level 2. HP: 12/15 MP: 3/3
   338 | D:1      | Reached skill level 5 in Stealth
   807 | D:2      | Noticed Sigmund
   847 | D:2      | Noticed Natasha
   849 | D:2      | Killed Natasha
   849 | D:2      | Reached skill level 1 in Spellcasting
   849 | D:2      | Reached XP level 3. HP: 12/18 MP: 5/5
  1202 | D:2      | Gained mutation: Your natural rate of healing is unusually
                  | fast. [Vine Stalker growth]
  1202 | D:2      | Reached XP level 4. HP: 20/23 MP: 5/7
  1265 | D:2      | Reached skill level 1 in Dodging
  1265 | D:2      | Reached XP level 5. HP: 27/27 MP: 8/8
  1535 | D:2      | Noticed Natasha
  1547 | D:2      | Killed Natasha
  1624 | D:2      | Noticed Natasha
  1629 | D:2      | Killed Natasha
  1672 | D:2      | Reached XP level 6. HP: 32/32 MP: 10/10
  1852 | D:2      | Killed Sigmund
  2024 | D:2      | Found a runed translucent door.
  2025 | D:2      | Noticed Crazy Yiuf
  2038 | D:2      | Killed Crazy Yiuf
  2337 | D:3      | Reached XP level 7. HP: 36/36 MP: 11/11
  2631 | D:3      | Noticed Purgy
  2643 | D:3      | Killed Purgy
  2692 | D:3      | Noticed Jessica
  2694 | D:3      | Killed Jessica
  2734 | D:3      | Found an ancient bone altar of Kikubaaqudgha.
  2734 | D:3      | Found a burning altar of Makhleb.
  2818 | D:3      | Found a shimmering blue altar of Sif Muna.
  2818 | D:3      | Found an opulent altar of Gozag.
  3528 | D:4      | Reached skill level 1 in Armour
  3528 | D:4      | Gained mutation: You have razor-sharp teeth. [Vine Stalker
                  | growth]
  3528 | D:4      | Reached XP level 8. HP: 38/41 MP: 13/13
  3772 | D:5      | Entered Level 5 of the Dungeon
  4234 | D:5      | Noticed Pikel
  4283 | D:5      | Killed Pikel
  4283 | D:5      | Reached skill level 5 in Throwing
  4283 | D:5      | Reached XP level 9. HP: 43/46 MP: 14/16
  4375 | D:5      | Reached skill level 5 in Short Blades
  4574 | D:6      | Found an ornate altar of the Wu Jian Council.
  4579 | D:6      | Noticed Duvessa
  4580 | D:6      | Noticed Dowan
  4606 | D:6      | Killed Duvessa
  4612 | D:6      | Killed Dowan
  4655 | D:6      | Found a glowing golden altar of the Shining One.
  4702 | D:6      | Noticed a purple ugly thing
  4905 | D:6      | Noticed Edmund
  4909 | D:6      | Got a slimy tin ring
  4923 | D:6      | Killed Edmund
  4945 | D:6      | Identified the ring "Fidism" {MP+9 AC+4} (You found it on
                  | level 6 of the Dungeon)
  5033 | D:6      | Reached skill level 5 in Fighting
  5064 | D:6      | Noticed Grinder
  5081 | D:6      | Killed Grinder
  5081 | D:6      | Reached skill level 5 in Spellcasting
  5215 | D:6      | Killed a purple ugly thing
  5215 | D:6      | Reached XP level 10. HP: 51/51 MP: 18/18
  5249 | D:6      | Found Waaj's Jewellery Shoppe.
  5577 | D:7      | Found a blossoming altar of Fedhas.
  5634 | D:7      | Found a flagged portal.
  5655 | D:7      | Found a staircase to the Ecumenical Temple.
  5666 | Temple   | Entered the Ecumenical Temple
  5679 | Bailey   | Entered a bailey
  5684 | Bailey   | Noticed an orc warlord
  5843 | Bailey   | Noticed an orc knight
  5874 | Bailey   | Killed an orc knight
  5915 | Bailey   | Noticed an orc knight
  6085 | Bailey   | Killed an orc knight
  6163 | Bailey   | Found a runed translucent gate.
  6170 | Bailey   | Found a runed translucent gate.
  6171 | Bailey   | Found a runed translucent gate.
  6292 | Bailey   | Killed an orc warlord
  6292 | Bailey   | Reached skill level 1 in Evocations
  6343 | Bailey   | Got a jewelled spear
  6353 | Bailey   | Got a flickering granite ring
  6357 | Bailey   | Identified the ring "Wumasom" {rC+ MR+ Stlth+} (You found
                  | it in a bailey)
  6361 | Bailey   | Reached skill level 5 in Armour
  6361 | Bailey   | Reached skill level 5 in Dodging
  6361 | Bailey   | Reached XP level 11. HP: 56/56 MP: 21/21
  6387 | Temple   | Identified the +4 spear "Maohas" {freeze, Str+3 Int-2
                  | Dex+3} (You found it in a bailey)
  6549 | Temple   | Became a worshipper of Warmaster Okawaru
  7018 | D:7      | Reached skill level 1 in Invocations
  7505 | D:8      | Reached * piety under Okawaru
  7531 | D:8      | Found a runed translucent gate.
  7543 | D:8      | Found a runed translucent gate.
  7544 | D:8      | Found a runed translucent gate.
  7548 | D:8      | Noticed Mrkan's ghost (novice HOFi)
  7627 | D:8      | Noticed Grum
  7638 | D:8      | Gained mutation: You heal very quickly. [Vine Stalker
                  | growth]
  7638 | D:8      | Reached XP level 12. HP: 60/61 MP: 22/22
  7704 | D:8      | Killed Grum
  8529 | D:9      | Found a roughly hewn altar of Beogh.
  8602 | D:9      | Found a staircase to the Orcish Mines.
  8753 | D:9      | Found a shattered altar of Ashenzari.
  9121 | D:9      | You fall into a shaft and drop 3 floors!
  9248 | D:12     | Reached ** piety under Okawaru
  9305 | D:12     | Noticed a two-headed ogre
  9315 | D:12     | Killed a two-headed ogre
  9540 | D:12     | Noticed a six-headed hydra
  9626 | D:11     | Reached *** piety under Okawaru
  9877 | D:10     | Entered Level 10 of the Dungeon
  9877 | D:10     | Noticed a death yak
  9878 | D:10     | Noticed a death yak
  9952 | D:10     | Reached **** piety under Okawaru
  9979 | D:10     | Got a polished long sword
 10028 | D:10     | Identified the +6 long sword "Urolloara" {antimagic,
                  | Fragile +Rage rPois} (You found it on level 10 of the
                  | Dungeon)
 10291 | D:10     | Paralysed by a hornet for 3 turns
 10322 | D:10     | Noticed a death yak
 10334 | D:10     | Noticed a death yak
 10343 | D:10     | Noticed a death yak
 10356 | D:10     | Killed a death yak
 10419 | D:10     | Killed a death yak
 10419 | D:10     | Received a gift from Okawaru
 10424 | D:10     | Reached XP level 13. HP: 50/67 MP: 25/25
 10443 | D:10     | Received a gift from Okawaru
 10581 | D:10     | Found a staircase to the Lair.
 11334 | D:11     | Reached ***** piety under Okawaru
 11342 | D:11     | HP: 3/67 [something (3)]
 11342 | D:11     | Slain by an unseen horror

Levels and vault maps discovered:
D:1:      dpeg_arrival_rooms_a, layout_loops_ring
D:2:      cheibrodos_fertilizer, layout_basic, uniq_natasha,
          uniq_crazy_yiuf_cottage, uniq_sigmund
D:3:      layout_loops_ring, gammafunk_temple_overflow_statue,
          gammafunk_temple_overflow_elements, first_ration, uniq_purgy,
          uniq_jessica
D:4:      minmay_octagon_keep, layout_basic
D:5:      layout_rooms, uniq_pikel
D:6:      layout_basic, lemuel_round_altar, nicolae_overflow_crystal_walls,
          serial_shops, shop, uniq_duvessa, uniq_edmund, uniq_grinder
D:7:      layout_basic, kennysheep_mini_moat, minmay_temple_entry_crystal_x,
          lightli_bailey_entry_fortress, lemuel_another_geyser
D:8:      kennysheep_housing_project, layout_cave_pools,
          gammafunk_ghost_necromancy, uniq_grum
D:9:      layout_irregular_city, david_orc_5, serial_glass, glass_columns_a,
          glass_columns_b, basic_altar, grunt_ogre_cave
D:10:     layout_cave_pools, dpeg_lair_monsters, minmay_misc_feat_room,
          minivault_16
D:11:     minmay_twisted_water, layout_cross
D:12:     layout_basic
Temple:   regret_index_temple_waves

Skill      XL: |  1  2  3  4  5  6  7  8  9 10 11 12 |
---------------+-------------------------------------+-----
Fighting       | 2 3 4 5 6 7 |  7.6
Throwing       | 2 3 4 5 7 8 9 |  9.4
Stealth        | 5 6 7 |  7.7
Spellcasting   | 1 2 3 4 5 6 7 |  7.8
Short Blades   | 2 3 4 5 8 9 |  9.4
Dodging        | 1 2 3 5 6 |  6.7
Armour         | 1 2 5 |  5.8
Evocations     | 1 |  1.9
Invocations    | 1 4 |  4.8

Action                   |  1- 3 |  4- 6 |  7- 9 | 10-12 | 13-15 || total
-------------------------+-------+-------+-------+-------+-------++-------
Melee: Dagger            |    29 |   102 |   301 |   883 |   145 ||  1460
       Bite              |    10 |    39 |   116 |   358 |    74 ||   597
       Punch             |       |       |       |     2 |       ||     2
Throw: Dart              |    10 |    15 |    82 |    79 |    16 ||   202
       Boomerang         |    25 |    33 |    62 |   183 |       ||   303
Invok: Heroism           |       |       |       |     3 |       ||     3
 Abil: Evoke Flight      |       |       |       |    11 |       ||    11
       Stop Flying       |       |       |       |     6 |       ||     6
Evoke: Wand              |       |       |       |     3 |       ||     3
       Box of beasts     |       |       |       |     1 |       ||     1
  Use: Scroll            |       |       |     4 |    10 |     1 ||    15
       Potion            |       |       |     1 |     1 |       ||     2
 Stab: Sleeping          |     3 |     1 |     3 |    11 |       ||    18
       Distracted        |       |       |       |     1 |       ||     1
  Eat: Chunk             |     1 |     3 |    10 |    17 |     2 ||    33
       Ration            |       |       |       |     1 |       ||     1
Armor: Robe              |    11 |    10 |       |       |       ||    21
       Ring mail         |       |     1 |    11 |       |       ||    12
       Troll leather arm |       |       |    87 |   269 |    40 ||   396
Dodge: Dodged            |    19 |    43 |   149 |   536 |    68 ||   815
